AoeStats
← Lord_Wilfredo

Arabia

509543975Analyzed
1v1 RM · 5d ago on Sep 27, 2026· 43m 12s· 2 players
Game mode
Random Map
Map size
Tiny (2 player)
Population
200
Speed
Normal
Resources
Standard
Victory
Conquest
Starting age
Dark Age
Ending age
Imperial Age
RankedLock teamsTeams togetherTeam positionsShared explorationLock speedFull tech treeHidden civsTurbo modeCheats
Victory
Defeat
🇲🇽 Sicilians · Mexico
1360
+14
🇦🇷 Huns · Argentina
1326
-14
Lord_Wilfredo
6:24 Loom
10:23 Feudal Age
11:13 Double-Bit Axe
12:48 Horse Collar
20:20 Fletching
21:17 Wheelbarrow
21:56 Padded Archer Armor
26:32 Castle Age
27:17 Bodkin Arrow
27:38 Leather Archer Armor
27:35 Bloodlines
27:44 Bow Saw
27:53 Crossbowman
31:24 Scale Barding Armor
33:59 Chain Barding Armor
34:32 Forging
34:21 Town Watch
35:05 Gold Mining
36:34 Iron Casting
39:14 Elite Skirmisher
RZealotSV
7:15 Loom
12:39 Feudal Age
15:09 Fletching
15:52 Padded Archer Armor
15:55 Scale Mail Armor
16:09 Gold Mining
19:19 Forging
22:43 Castle Age
23:07 Elite Skirmisher
23:46 Bodkin Arrow
23:15 Crossbowman
24:44 Wheelbarrow
24:00 Double-Bit Axe
25:18 Bow Saw
26:27 Town Watch
29:53 Gold Shaft Mining
30:34 Horse Collar
35:37 Imperial Age
33:43 Ballistics
34:37 Leather Archer Armor
36:42 Chain Mail Armor
35:48 Pikeman
36:52 Bracer
36:44 Arbalester
40:27 Stone Mining
Connection lost

Rejoining the realm…

Still unreachable

The connection could not be restored.

Session expired

The server has moved on; the page needs a fresh start.